 Dungeon Crawl Stone Soup version 0.23.0 (webtiles) character file.

Game seed: 41466740386664106

83 LostNumber the Distorting Demonspawn (level 4, -3/35 HPs)
             Began as a Demonspawn Abyssal Knight on Feb 10, 2019.
             Was a Believer of Lugonu.
             Killed by divine providence
             ... invoked by an orc priest
              (15 damage)
             ... on level 3 of the Dungeon.
             The game lasted 00:03:06 (2735 turns).

LostNumber the Distorting Demonspawn (DsAK)         Turns: 2735, Time: 00:03:06

Health: -3/35      AC:  5    Str: 13    XL:     4   Next: 22%
Magic:  6/6        EV: 11    Int: 14    God:    Lugonu [**....]
Gold:   148        SH:  0    Dex: 12    Spells: 3/3 levels left

rFire    . . .     SeeInvis .   a - +1 mace
rCold    . . .     Gourm    .   (no shield)
rNeg     . . .     Faith    .   f - +0 ring mail
rPois    .         Spirit   .   (no helmet)
rElec    .         Reflect  .   (no cloak)
rCorr    .         Harm     .   (no gloves)
MR       .....                  (no boots)
Stlth    +.........             (no amulet)
HPRegen  0.11/turn              (no ring)
MPRegen  0.10/turn              (no ring)

@: lethally poisoned (-3 -> -5)
A: sturdy frame 2
a: Depart the Abyss, Bend Space, Renounce Religion


You were on level 3 of the Dungeon.
You worshipped Lugonu.
Lugonu was pleased with you.
You were not hungry.

You visited 1 branch of the dungeon, and saw 3 of its levels.
You visited the Abyss 1 time.

You collected 148 gold pieces.

Inventory:

Hand Weapons
 a - a +1 mace (weapon)
Armour
 b - a +0 leather armour
 f - a +0 ring mail (worn)
   (You found it on level 1 of the Dungeon)
Jewellery
 r - a +2 ring of evasion {unknown}
   (You found it on level 3 of the Dungeon)
Scrolls
 c - 2 scrolls of enchant armour {unknown}
 d - 4 scrolls of identify {unknown}
 i - 2 scrolls of remove curse {unknown}
 j - 4 scrolls of teleportation {unknown}
 k - 2 scrolls of amnesia {unknown}
 l - a scroll of enchant weapon {unknown}
 p - a scroll of immolation {unknown}
Potions
 g - a potion of mutation {unknown}
 h - 3 potions of curing {unknown}
 m - a potion of lignification {unknown}
 o - a potion of heal wounds {unknown}
 q - a potion of ambrosia {unknown}
Comestibles
 e - 12 rations {!d}
 n - 4 chunks of flesh


   Skills:
 + Level 3.5 Fighting
 * Level 3.2 Maces & Flails
 - Level 1.7 Armour
 - Level 0.8 Dodging
 + Level 3.6 Invocations


You had 3 spell levels left.
You didn't know any spells.
Your spell library was empty.

Dungeon Overview and Level Annotations

Branches:
Dungeon (3/15)

Altars:
Sif Muna
The Shining One

Annotations:
D:3 exclusion: door


Innate Abilities, Weirdness & Mutations

Your movements are less encumbered by armour. (ER -4)


Message History

Lugonu accepts your kill.
No target in view!
No target in view!
A kobold comes into view.
The kobold shouts!
You hear a shout!
The kobold wields a +0 blowgun.
The kobold shoots a poisoned needle.
The poisoned needle closely misses you.
A kobold is nearby!
A kobold is nearby!
A kobold is nearby!
The kobold shoots a poisoned needle.
The poisoned needle hits you!
You are poisoned.
You see here a poisoned needle.
You feel sick.
You feel sick.
The kobold shoots a poisoned needle.
The poisoned needle closely misses you.
You feel sick.
The kobold shoots a poisoned needle.
The poisoned needle barely misses you.
A rat comes into view.
The kobold unwields a +0 blowgun.
The kobold closely misses you.
You closely miss the kobold.
You feel sick. The kobold hits you.
You closely miss the kobold. The kobold barely misses you.
You miss the kobold.
You feel sick. The kobold barely misses you. x2
You hit the kobold.
You kill the kobold!
Lugonu accepts your kill.
You feel sick. The rat bites you.
An orc priest comes into view. It is wielding a +0 club.
Things that are here:
a +0 blowgun; 14 poisoned needles The orc priest shouts!
You hit the rat.
You kill the rat!
Lugonu accepts your kill.
You hear a shout!
You feel sick.
The orc priest mumbles some strange prayers to Beogh against you.
Beogh smites you!
* * * LOW HITPOINT WARNING * * *
You see here a rat corpse.
You aren't carrying any items that you can evoke.
Unknown command.
Unknown command.
Things that are here:
a +0 blowgun; 14 poisoned needles You feel sick.
The orc priest invokes the aid of Beogh against you.
Beogh smites you!
You die...

#..÷...<#.)...#
###########.###
#.# #.# #(# #.#
#(# #.# #@# #.#
#.# #)# #†# #.#
#o# #.# #.#


You could see an orc priest.

Vanquished Creatures
  A gnoll (D:1)
  An adder (D:2)
  An ooze (D:1)
  2 worms (D:2)
  A dart slug (D:3)
  A leopard gecko (D:3)
  3 ball pythons
  A giant cockroach (D:2)
  5 goblins
  4 hobgoblins
  7 jackals
  A quokka (D:3)
  7 bats
  6 frilled lizards
  4 kobolds
  6 rats
51 creatures vanquished.

Notes
Turn   | Place    | Note
-------+----------+-------------------------------------------
     0 | Abyss:1  | LostNumber the Demonspawn Abyssal Knight began the quest
                  | for the Orb.
     0 | Abyss:1  | Reached XP level 1. HP: 18/18 MP: 2/2
    12 | D:1      | Escaped the Abyss
   112 | D:1      | Gained mutation: Your movements are slightly less
                  | encumbered by armour. (ER -2) [demonic ancestry]
   112 | D:1      | Reached XP level 2. HP: 14/24 MP: 4/4
   467 | D:1      | Reached XP level 3. HP: 29/29 MP: 5/5
  1920 | D:2      | Found a faded altar of an unknown god.
  2039 | D:2      | Found a glowing golden altar of the Shining One.
  2069 | D:2      | Reached ** piety under Lugonu
  2334 | D:2      | Gained mutation: Your movements are less encumbered by
                  | armour. (ER -4) [demonic ancestry]
  2334 | D:2      | Reached XP level 4. HP: 31/35 MP: 6/6
  2566 | D:3      | Found a deep blue altar of Sif Muna.
  2735 | D:3      | Killed from afar by an orc priest

Skill      XL: |  1  2  3 |
---------------+----------+-----
Maces & Flails | 2 3 |  3.2
Invocations    | 3 |  3.6
Fighting       | |  3.5
Armour         | |  1.7
Dodging        | |  0.8

Action                   |  1- 3 |  4- 6 || total
-------------------------+-------+-------++-------
Melee: Mace              |   142 |    41 ||   183
 Stab: Sleeping          |       |     1 ||     1
  Eat: Chunk             |     4 |     2 ||     6
Armor: Ring mail         |    65 |    13 ||    78
       Leather armour    |     4 |       ||     4
Dodge: Dodged            |   105 |    37 ||   142
